 Dungeon Crawl Stone Soup version 0.29-a0-664-gff9cad4a3d (webtiles) character file.

Game seed: 6984834446126101492

56 Sobieck the Shooter (level 3, -1/22 HPs)
             Began as a Gargoyle Hunter on June 22, 2022.
             Slain by a gnoll
             ... wielding a +0 whip
              (3 damage)
             ... on level 2 of the Dungeon.
             The game lasted 00:03:05 (1250 turns).

Sobieck the Shooter (Gargoyle Hunter)               Turns: 1250, Time: 00:03:06

Health: -1/22      AC:  6    Str: 14    XL:     3   Next: 95%
Magic:  3/3        EV: 12    Int:  9    God:
Gold:   59         SH:  0    Dex: 15    Spells: 2/2 levels left

rFire   . . .      SeeInvis .   a - +1 shortbow {bow}
rCold   . . .      Faith    .   (shield currently unavailable)
rNeg    + . .      Spirit   .   p - +1 robe {Will+}
rPois   ∞          Reflect  .   (no helmet)
rElec   +          Harm     .   (no cloak)
rCorr   .          Rampage  .   (no gloves)
Will    ++...                   (no boots)
Stlth   ++........              (no amulet)
HPRegen 0.07/turn               h - ring of willpower
MPRegen 0.08/turn               (no ring)

@: no status effects
A: sickness immunity, AC +3, negative energy resistance 1, electricity
resistance, torment resistance 1, petrification resistance
a: no special abilities


You were on level 2 of the Dungeon.
You visited 1 branch of the dungeon, and saw 2 of its levels.

You collected 59 gold pieces.


Innate Abilities, Weirdness & Mutations

You are immune to sickness and miasma.
Your stone body is resilient. (AC +3)
You are immune to poison.
You resist negative energy. (rN+)
You are resistant to electric shocks. (rElec)
You are resistant to unholy torment.
You are immune to petrification.


   Skills:
 + Level 2.9 Fighting
 * Level 4.5 Bows
 + Level 1.6 Armour
 - Level 2.0 Dodging
 - Level 1.1 Stealth


You had 2 spell levels left.
You didn't know any spells.
Your spell library was empty.

Inventory:

Hand Weapons
 a - a +1 shortbow (weapon) {bow}
Missiles
 e - 20 stones {throwing}
Armour
 b - a +0 leather armour
 l - a +0 ring mail
   (You found it on level 1 of the Dungeon)
 o - a +0 ring mail
   (You found it on level 1 of the Dungeon)
 p - a +1 robe of willpower (worn)
   (You found it on level 1 of the Dungeon)
Magical Staves
 n - a staff of death {!astaff}
   (You found it on level 1 of the Dungeon)
Jewellery
 h - a ring of willpower (left hand)
   (You found it on level 1 of the Dungeon)
Scrolls
 c - a scroll of immolation {!r!r}
 f - 2 scrolls of identify {unknown}
 g - a scroll of teleportation {unknown}
 i - a scroll of fog {unknown}
 j - a scroll of fear {unknown}
 k - a scroll of poison {unknown}
 m - a scroll of magic mapping {unknown}
Potions
 d - a potion of might {unknown}
 q - a potion of brilliance {unknown}
 r - a potion of invisibility {unknown}
 s - a potion of curing {unknown}

Dungeon Overview and Level Annotations

Branches:
Dungeon (2/15) Zot: 10697

Altars:
Fedhas

... ### #.# #.. #.#
#####.###.# . #.........#
.. #.........# #.........#
...##.........###.........#
...........†.)g@+........>#
......._..#.#.###.........#
..............# #.........#
..............# #.........#
##...#.#...##.###..†......#
#.. #.#...##...'..)......#
+. ..#...######.........# #
.#.##.## ##..####+### ....
... #.........#


You could see a gnoll.


Message History

Shoot: a) +1 shortbow {bow}
Press: ? - help, Q - select action, (/) - cycle Shift-Dir - straight line, f/p - adder
Aim: an adder (almost dead, 46% to hit)
You shoot an arrow. The arrow hits the adder.
You kill the adder!
The gnoll closely misses you.
Shoot: a) +1 shortbow {bow}
Press: ? - help, Q - select action, (/) - cycle Shift-Dir - straight line, f - gnoll
Aim: a gnoll, wielding a +0 halberd (66% to hit)
You shoot an arrow. The arrow hits the gnoll.
The gnoll closely misses you.
Shoot: a) +1 shortbow {bow}
Press: ? - help, Q - select action, (/) - cycle Shift-Dir - straight line, f/p - gnoll
Aim: a gnoll, wielding a +0 halberd (moderately wounded, 66% to hit)
You shoot an arrow. The arrow hits the gnoll!
The gnoll barely misses you.
The gnoll hits you from afar with a +0 halberd!
* * * LOW HITPOINT WARNING * * *
Shoot: a) +1 shortbow {bow}
Press: ? - help, Q - select action, (/) - cycle Shift-Dir - straight line, f/p - gnoll
Aim: a gnoll, wielding a +0 halberd (almost dead, 66% to hit)
You shoot an arrow. The arrow barely misses the gnoll.
The gnoll barely misses you.
Shoot: a) +1 shortbow {bow}
Press: ? - help, Q - select action, (/) - cycle Shift-Dir - straight line, f/p - gnoll
Aim: a gnoll, wielding a +0 halberd (almost dead, 66% to hit)
You shoot an arrow. The arrow hits the gnoll.
You kill the gnoll!
Training target 2.0 for Dodging reached!
Your Dodging skill increases to level 2!
Shoot: a) +1 shortbow {bow}
Press: ? - help, Q - select action, (/) - cycle Shift-Dir - straight line, f - quokka
Aim: a quokka (wandering, hasn't noticed you, 53% to hit)
You shoot an arrow. The arrow closely misses the quokka.
Shoot: a) +1 shortbow {bow}
Press: ? - help, Q - select action, (/) - cycle Shift-Dir - straight line, f/p - quokka
Aim: a quokka (53% to hit)
You shoot an arrow. The arrow barely misses the quokka.
Shoot: a) +1 shortbow {bow}
Press: ? - help, Q - select action, (/) - cycle Shift-Dir - straight line, f/p - quokka
Aim: a quokka (53% to hit)
You shoot an arrow. The arrow hits the quokka.
You kill the quokka!
A gnoll comes into view. It is wielding a +0 club.
Shoot: a) +1 shortbow {bow}
Press: ? - help, Q - select action, (/) - cycle Shift-Dir - straight line, f - gnoll
Aim: a gnoll, wielding a +0 club (wandering, hasn't noticed you, 66% to hit)
You shoot an arrow. The arrow completely misses the gnoll.
The gnoll shouts!
Shoot: a) +1 shortbow {bow}
Press: ? - help, Q - select action, (/) - cycle Shift-Dir - straight line, f/p - gnoll
Aim: a gnoll, wielding a +0 club (66% to hit)
You shoot an arrow. The arrow hits the gnoll.
Shoot: a) +1 shortbow {bow}
Press: ? - help, Q - select action, (/) - cycle Shift-Dir - straight line, f/p - gnoll
Aim: a gnoll, wielding a +0 club (moderately wounded, 66% to hit)
You shoot an arrow. The arrow closely misses the gnoll.
Shoot: a) +1 shortbow {bow}
Press: ? - help, Q - select action, (/) - cycle Shift-Dir - straight line, f/p - gnoll
Aim: a gnoll, wielding a +0 club (moderately wounded, 66% to hit)
You shoot an arrow. The arrow hits the gnoll.
The gnoll hits you with a +0 club.
* * * LOW HITPOINT WARNING * * *
Shoot: a) +1 shortbow {bow}
Press: ? - help, Q - select action, (/) - cycle Shift-Dir - straight line, f/p - gnoll
Aim: a gnoll, wielding a +0 club (heavily wounded, 66% to hit)
You shoot an arrow. The arrow barely misses the gnoll.
The gnoll shouts!
The gnoll barely misses you.
Shoot: a) +1 shortbow {bow}
Press: ? - help, Q - select action, (/) - cycle Shift-Dir - straight line, f/p - gnoll
Aim: a gnoll, wielding a +0 club (heavily wounded, 66% to hit)
You shoot an arrow.
The arrow hits the gnoll but does no damage.
The gnoll barely misses you. The gnoll hits you with a +0 club.
* * * LOW HITPOINT WARNING * * *
Shoot: a) +1 shortbow {bow}
Press: ? - help, Q - select action, (/) - cycle Shift-Dir - straight line, f/p - gnoll
Aim: a gnoll, wielding a +0 club (heavily wounded, 66% to hit)
You shoot an arrow. The arrow hits the gnoll!
The gnoll completely misses you.
Shoot: a) +1 shortbow {bow}
Press: ? - help, Q - select action, (/) - cycle Shift-Dir - straight line, f/p - gnoll
Aim: a gnoll, wielding a +0 club (almost dead, 66% to hit)
You shoot an arrow. The arrow barely misses the gnoll.
The gnoll barely misses you.
Shoot: a) +1 shortbow {bow}
Press: ? - help, Q - select action, (/) - cycle Shift-Dir - straight line, f/p - gnoll
Aim: a gnoll, wielding a +0 club (almost dead, 66% to hit)
You shoot an arrow. The arrow hits the gnoll.
You kill the gnoll!
Okay, then.
Shoot: a) +1 shortbow {bow}
Press: ? - help, Q - select action, (/) - cycle Shift-Dir - straight line, f - gnoll
Aim: a gnoll, wielding a +0 whip (66% to hit)
You shoot an arrow. The arrow hits the gnoll.
The gnoll hits you with a +0 whip.
* * * LOW HITPOINT WARNING * * *
The gnoll hits you with a +0 whip.
You die...

Skill      XL: |  1  2  3 |
---------------+----------+-----
Armour         | 1 |  1.6
Dodging        | 2 |  2.0
Fighting       | |  2.9
Bows           | |  4.5
Stealth        | |  1.1

Action                   || total
-------------------------++-------
 Fire: Shortbow          ||    56
Armor: Leather armour    ||     3
Dodge: Dodged            ||    16

Levels and vault maps discovered:
D:1:      nagdon_arrival_double_spiral, layout_basic,
          shapermc_ecumenical_altar_mp_vishouse
D:2:      layout_basic, basic_altar

Notes
Turn   | Place    | Note
-------+----------+-------------------------------------------
     0 | D:1      | Sobieck the Gargoyle Hunter began the quest for the Orb.
     0 | D:1      | Reached XP level 1. HP: 12/12 MP: 1/1
   457 | D:1      | Reached XP level 2. HP: 18/18 MP: 2/2
   664 | D:1      | Reached skill level 1 in Armour
   864 | D:1      | Found a faded altar of an unknown god.
  1188 | D:2      | Reached XP level 3. HP: 22/22 MP: 3/3
  1205 | D:2      | Found a blossoming altar of Fedhas.
  1238 | D:2      | Reached skill level 2 in Dodging
  1244 | D:2      | HP: 4/22 [gnoll/+0 club (2)]
  1250 | D:2      | HP: 2/22 [gnoll/+0 whip (2)]
  1250 | D:2      | Slain by a gnoll

Vanquished Creatures
  2 gnolls (D:2)
  An adder (D:2)
  A ball python (D:1)
  3 bats (D:1)
  2 endoplasms
  A giant cockroach (D:1)
  2 goblins (D:1)
  2 hobgoblins
  5 kobolds
  A quokka (D:2)
  2 frilled lizards (D:1)
  3 rats
25 creatures vanquished.

Table legend:
 A = Non-vault XP
 B = Vault XP
 C = Vault XP percentage of total XP
 D = Non-vault monster count
 E = Vault monster count
 F = Vault count percentage of total count
                 A         B        C        D         E       F
            +---------+---------+-------+---------+---------+-------
      Total |      80 |       0 |   0.0 |      25 |       0 |   0.0
            +---------+---------+-------+---------+---------+-------
        D:1 |      27 |       0 |   0.0 |      17 |       0 |   0.0
        D:2 |      53 |       0 |   0.0 |       8 |       0 |   0.0
            +---------+---------+-------+---------+---------+-------

Illustrated notes

Table legend:
 A = Kills in this place as a percentage of kills in entire the game.
 B = Kills by you in this place as a percentage of kills by you in the entire game.
 C = Kills by friends in this place as a percentage of kills by friends in the entire game.
 D = Other kills in this place as a percentage of other kills in the entire game.
 E = Experience gained in this place as a percentage of experience gained in the entire game.
 F = Experience gained in this place divided by the number of levels of this place that you have seen.
                   A       B       C       D       E      F
               +-------+-------+-------+-------+-------+----------------------
         Total | 100.0 | 100.0 |   N/A |   N/A | 100.0 |  40.0
       Dungeon | 100.0 | 100.0 |   N/A |   N/A | 100.0 |  40.0
               +-------+-------+-------+-------+-------+----------------------

Table legend: (Time is in decaauts)
 A = Elapsed time spent in this place.
 B = Non-inter-level travel time spent in this place.
 C = Inter-level travel time spent in this place.
 D = Time resting spent in this place.
 E = Time spent auto-exploring this place.
 F = Levels seen in this place.
 G = Mean time per level.
                   A        B        C        D        E       F      G
               +--------+--------+--------+--------+--------+-----+--------+
         Total |   1301 |   1294 |      7 |      0 |   1145 |   2 |  650.5 |
       Dungeon |   1301 |   1294 |      7 |      0 |   1145 |   2 |  650.5 |
               +--------+--------+--------+--------+--------+-----+--------+

Top non-repeatable levels by time:
     D:1: 1018 daAuts
     D:2: 282 daAuts
